 Dungeon Crawl Stone Soup version 0.29.1-15-g9cfb28693d (webtiles) character file.

Game seed: 17680010481801894823

256 Silvore the Chopper (level 5, -1/37 HPs)
             Began as a Demonspawn Monk on Apr 30, 2023.
             Was a Believer of Ru.
             Slain by Sigmund
             ... wielding a +0 scythe
              (10 damage)
             ... on level 5 of the Dungeon.
             The game lasted 00:09:32 (4695 turns).

Silvore the Chopper (Demonspawn Monk)               Turns: 4695, Time: 00:09:32

Health: -1/37      AC:  7    Str: 11    XL:     5   Next: 92%
Magic:  5/5        EV: 11    Int: 12    God:    Ru [**....]
Gold:   224        SH:  0    Dex: 17    Spells: 4/4 levels left

rFire   . . .      SeeInvis .   a - +1 hand axe
rCold   . . .      Faith    .   (no shield)
rNeg    . . .      Spirit   .   j - +0 ring mail
rPois   .          Reflect  .   (no helmet)
rElec   .          Harm     .   e - +1 cloak
rCorr   .          Rampage  .   (no gloves)
Will    .....                   (no boots)
Stlth   ++........              (no amulet)
HPRegen 0.12/turn               (no ring)
MPRegen 0.09/turn               (no ring)

@: no status effects
A: frail 1, powered by pain 2, spiny 1, disrupted magic 1
a: Renounce Religion


You were on level 5 of the Dungeon.
You worshipped Ru.
Ru was pleased with you.
You visited 1 branch of the dungeon, and saw 5 of its levels.

You collected 224 gold pieces.

Inventory:

Hand Weapons
 a - a +1 hand axe (weapon)
Armour
 b - a +0 robe
 e - a +1 cloak (worn)
 j - a +0 ring mail (worn)
Jewellery
 g - a ring of fire
Scrolls
 d - a scroll of poison
 i - a scroll of teleportation
 l - a scroll of enchant armour
 q - a scroll of amnesia
Potions
 f - 5 potions of curing
 h - 2 potions of attraction
 m - a potion of resistance
 n - 3 potions of brilliance
 o - a potion of magic
 p - a potion of degeneration {unknown}


   Skills:
 + Level 3.8 Fighting
 + Level 4.3 Axes
 + Level 2.1 Armour
 + Level 3.4 Dodging
 + Level 2.3 Stealth


You had 4 spell levels left.
You didn't know any spells.
Your spell library contained the following spells:

 Spells                   Type           Power      Damage    Failure   Level
 Foxfire                  Conj/Fire      0%         2x1d4     69%         1
 Necrotise                Necr           0%         1d4       69%         1
 Sting                    Tmut/Pois      0%         1d3       69%         1
 Poisonous Vapours        Pois/Air       0%         N/A       82%         2
 Conjure Flame            Conj/Fire      0%         6-21      96%         3
 Gell's Gravitas          Tloc           0%         N/A       96%         3
 Inner Flame              Hex/Fire       0%         N/A       96%         3
 Lesser Beckoning         Tloc           0%         N/A       96%         3
 Teleport Other           Tloc           0%         N/A       96%         3
 Vampiric Draining        Necr           0%         2d6       96%         3
 Cause Fear               Hex            0%         N/A       100%        4
 Flame Wave               Conj/Fire      0%         2d4       100%        4
 Olgreb's Toxic Radiance  Pois           0%         N/A       100%        4
 Agony                    Necr           0%         N/A       100%        5
 Discord                  Hex            0%         N/A       100%        8


Dungeon Overview and Level Annotations

Branches:
Dungeon (5/15)
 Temple: D:4-7

Altars:
Cheibriados
Ru

Annotations:
D:5 Sigmund


Innate Abilities, Weirdness & Mutations

You are frail. (-10% HP)
You sometimes gain power by taking damage.
You are partially covered in sharp spines.
Your casting is slightly disrupted.


Message History

The gnoll bouda begins to pray, but is stunned by your conviction!
The gnoll bouda barks out a call to the hunt!
The gnoll is no longer moving quickly.
There is a stone staircase leading up here.
The gnoll closely misses you.
You climb upwards.
Reactivating autopickup.
There is a stone staircase leading down here.
You start resting.
HP restored.
You climb downwards.
Level annotation: Sigmund The gnoll bouda barks out a call to the hunt!
There is a stone staircase leading up here.
Sigmund flickers, as though insubstantial.
Sigmund gestures at you while chanting. The puff of flame hits you.
Sigmund gestures wildly while chanting.
Sigmund flickers and vanishes!
Deactivating autopickup; reactivate with Ctrl-A.
You hit the gnoll bouda.
The gnoll bouda is moderately wounded.
The gnoll bouda is stunned by your conviction and fails to attack.
Something hits you but does no damage.
You slash the gnoll bouda!
The gnoll bouda is severely wounded.
The gnoll bouda hits you with a +0 whip.
The gnoll completely misses you.
You hit the gnoll bouda.
The gnoll bouda is almost dead.
Something hits you!
The gnoll bouda hits you with a +0 whip.
The gnoll hits you from afar with a +0 spear.
You closely miss the gnoll bouda.
The gnoll bouda is almost dead.
The gnoll bouda hits you with a +0 whip.
The gnoll hits you from afar with a +0 spear.
* * * LOW HITPOINT WARNING * * *
Something hits you!
You die...

##.# #.# #.## ##.#
###.## ####.<..### #
##.........######## ##
##..................
.####
#......@......######
....######......g..)..##
........##......{g....#
......................#
.....................##
............)........#
..........###....#...#
.........## ####.....#
........## ###.......#


You could see a gnoll bouda and a gnoll (swift).

Vanquished Creatures
  An ogre (D:5)
  3 gnolls
  2 adders
  An ufetubus (D:4)
  3 worms
  5 dart slugs
  An orc (D:3)
  10 ball pythons
  8 bats
  6 endoplasms
  8 giant cockroaches
  7 goblins
  6 hobgoblins
  8 jackals
  9 kobolds
  5 quokkas (D:3)
  4 frilled lizards
  10 rats
97 creatures vanquished.

Vanquished Creatures (others)
  12 plants (D:3)
12 creatures vanquished.

Grand Total: 109 creatures vanquished

Notes
Turn   | Place    | Note
-------+----------+-------------------------------------------
     0 | D:1      | Silvore the Demonspawn Monk began the quest for the Orb.
     0 | D:1      | Reached XP level 1. HP: 18/18 MP: 1/1
   336 | D:1      | Gained mutation: You sometimes gain a little power by
                  | taking damage. [demonic ancestry]
   336 | D:1      | Reached XP level 2. HP: 24/24 MP: 2/2
   566 | D:1      | Reached skill level 3 in Axes
   881 | D:1      | Found a faded altar of an unknown god.
   890 | D:1      | Prayed at the altar of an unknown god.
   890 | D:1      | Became a worshipper of Ru the Awakened
   911 | D:1      | Gained mutation: Your casting is slightly disrupted. [Ru
                  | sacrifice]
  1176 | D:2      | Gained mutation: You are partially covered in sharp spines.
                  | [demonic ancestry]
  1176 | D:2      | Reached XP level 3. HP: 20/29 MP: 3/3
  2414 | D:2      | Gained mutation: You sometimes gain power by taking damage.
                  | [demonic ancestry]
  2414 | D:2      | Reached XP level 4. HP: 30/35 MP: 4/4
  2850 | D:3      | Reached skill level 1 in Armour
  2929 | D:3      | Found a snail-covered altar of Cheibriados.
  3539 | D:3      | Reached XP level 5. HP: 39/41 MP: 5/5
  3740 | D:4      | Gained mutation: You are frail. (-10% HP) [Ru sacrifice]
  3740 | D:4      | Reached * piety under Ru
  3740 | D:4      | Reached ** piety under Ru
  4255 | D:5      | Entered Level 5 of the Dungeon
  4295 | D:5      | Noticed an ogre
  4310 | D:5      | Killed an ogre
  4311 | D:5      | Reached skill level 4 in Axes
  4475 | D:5      | Noticed Sigmund
  4695 | D:5      | Slain by Sigmund

Illustrated notes

Levels and vault maps discovered:
D:1:      amcnicky_arrival_blooded_trapdoor, layout_basic,
          dreamdust_ecumenical_altar_angels_and_demons
D:2:      layout_loops_ring, minmay_fractal_squares_5
D:3:      wad_woods_stonehenge, layout_basic
D:4:      layout_loops_ring, hangedman_decor_growths, minivault_23
D:5:      layout_cave_pods, uniq_sigmund

Skill      XL: |  1  2  3  4  5 |
---------------+----------------+-----
Axes           | 3 4 |  4.3
Dodging        | 3 |  3.4
Stealth        | 2 |  2.3
Armour         | 1 2 |  2.1
Fighting       | |  3.8

Action                   |  1- 3 |  4- 6 || total
-------------------------+-------+-------++-------
Melee: Hand axe          |   142 |    82 ||   224
       Punch             |     4 |       ||     4
Invok: Sacrifice Essence |     1 |       ||     1
       Sacrifice Health  |       |     1 ||     1
  Use: Scroll            |     6 |     7 ||    13
       Potion            |       |     1 ||     1
 Stab: Sleeping          |     1 |     3 ||     4
Armor: Robe              |    11 |       ||    11
       Ring mail         |    32 |    30 ||    62
Dodge: Dodged            |   100 |    53 ||   153
